AoeStats
← die trying

MegaRandom

503689709Analyzed
1v1 RM · 1mo ago on Sep 1, 2026· 29m 8s· 2 players
Game mode
Random Map
Map size
Tiny (2 player)
Population
200
Speed
Normal
Resources
Standard
Victory
Conquest
Starting age
Dark Age
Ending age
Imperial Age
RankedLock teamsTeams togetherTeam positionsShared explorationLock speedFull tech treeHidden civsTurbo modeCheats
Victory
Defeat
🇧🇪 Mongols · Belgium
1944
+13
🇨🇱 Mongols · Chile
1887
-13
die trying
7:00 Loom
9:16 Feudal Age
9:27 Man-at-Arms
17:21 Town Watch
23:18 Castle Age
21:43 Double-Bit Axe
23:19 Fletching
24:37 Bodkin Arrow
28:07 Bloodlines
29:35 Padded Archer Armor
29:39 Husbandry
benni9
4:42 Loom
11:05 Feudal Age
17:26 Castle Age
15:28 Double-Bit Axe
15:50 Fishing Lines
17:59 Gillnets
18:20 Bow Saw
18:05 Stone Mining
19:13 Fletching
22:01 Bodkin Arrow
22:57 Padded Archer Armor
25:08 Medium Warships
25:00 Gold Mining
29:02 Imperial Age
27:38 Leather Archer Armor
28:47 Ballistics
29:46 Bracer
Connection lost

Rejoining the realm…

Still unreachable

The connection could not be restored.

Session expired

The server has moved on; the page needs a fresh start.